 Dungeon Crawl Stone Soup version 0.25.1-2-g60ff931df9 (webtiles) character file.

Game seed: 10284386398337490551

149 Mitsuki the Covered (level 5, -9/33 HPs)
             Began as a Gargoyle Fighter on Aug 4, 2020.
             Mangled by an ogre
             ... wielding a +0 giant club
              (20 damage)
             ... on level 3 of the Dungeon.
             The game lasted 00:05:48 (2337 turns).

Mitsuki the Covered (Gargoyle Fighter)              Turns: 2337, Time: 00:05:48

Health: -9/33      AC: 15    Str: 20    XL:     5   Next: 31%
Magic:  5/5        EV:  3    Int:  8    God:
Gold:   196        SH:  9    Dex: 10    Spells: 4/4 levels left

rFire    . . .     SeeInvis .   p - +0 whip
rCold    . . .     Gourm    .   c - +0 kite shield
rNeg     + . .     Faith    .   i - +0 plate armour
rPois    ∞         Spirit   .   (no helmet)
rElec    +         Reflect  .   (no cloak)
rCorr    .         Harm     .   (no gloves)
MR       .....                  (no boots)
Stlth    ..........             (no amulet)
HPRegen  0.11/turn              (no ring)
MPRegen  0.09/turn              (no ring)

@: no status effects
A: negative energy resistance 1, electricity resistance, unbreathing,
petrification resistance, rot immunity, AC +4
a: no special abilities


You were on level 3 of the Dungeon.
You were not hungry.

You visited 1 branch of the dungeon, and saw 3 of its levels.

You collected 196 gold pieces.

Inventory:

Hand Weapons
 p - a +0 whip (weapon)
Armour
 c - a +0 kite shield (worn)
 i - a +0 plate armour (worn)
Scrolls
 e - a scroll of teleportation {unknown}
 h - 10 scrolls of identify {unknown}
 k - a scroll of remove curse {unknown}
 m - a scroll of immolation {unknown}
 o - a scroll of enchant weapon {unknown}
Potions
 a - a potion of curing {unknown}
 b - a potion of resistance {unknown}
 d - a potion of might
 g - a potion of heal wounds {unknown}
 j - a potion of mutation {unknown}
 l - a potion of haste {unknown}
Comestibles
 f - 7 rations


   Skills:
 + Level 4.2 Fighting
 + Level 3.1 Maces & Flails
 + Level 4.2 Armour
 + Level 4.2 Shields


You had 4 spell levels left.
You didn't know any spells.
Your spell library was empty.

Dungeon Overview and Level Annotations

Branches:
Dungeon (3/15)

Altars:
Qazlal


Innate Abilities, Weirdness & Mutations

You are resistant to torment.
Your stone body is resilient. (AC +4)
You are immune to poison.
You resist negative energy. (rN+)
You are resistant to electric shocks. (rElec)
You can survive without breathing.
You are immune to petrification.
You are immune to rotting.


Message History

You block the goblin's attack.
You whack the goblin!
You kill the goblin!
No target in view!
You see here a +0 dagger.
Found a stone staircase leading up and a stone staircase leading down.
There is a stone staircase leading up here.
An ogre comes into view. It is wielding a +0 giant club.
The ogre shouts!
You hit the ogre.
The ogre is moderately wounded.
The ogre hits you with a +0 giant club!!
Ouch! That really hurt!
You take 22 damage, and have 11/33 hp.
MASSIVE DAMAGE!!
You are too injured to fight recklessly!
You hit the ogre.
The ogre is moderately wounded.
The ogre hits you with a +0 giant club!!
Ouch! That really hurt!
You die...

#.. #..# #..# #..# ##..#
...# #.####.#########.##
#.....>....@O?.....
#.######<#########.##...#
.........# #...#
..######.# #...#
##.####### ##...###
#........# ......
.............######...#
#####.................##
# #.........##.#.....#.#


You could see an ogre.

Vanquished Creatures
  Natasha (D:2)
  4 adders
  4 worms (D:2)
  5 dart slugs
  5 leopard geckos
  2 ball pythons
  4 giant cockroaches
  6 goblins
  6 hobgoblins
  4 jackals (D:2)
  8 kobolds
  A quokka (D:2)
  6 bats
  2 frilled lizards
  2 rats
60 creatures vanquished.

Notes
Turn   | Place    | Note
-------+----------+-------------------------------------------
     0 | D:1      | Mitsuki the Gargoyle Fighter began the quest for the Orb.
     0 | D:1      | Reached XP level 1. HP: 14/14 MP: 1/1
   258 | D:1      | Reached XP level 2. HP: 19/19 MP: 2/2
   642 | D:1      | Found a stormy altar of Qazlal.
   747 | D:1      | Reached XP level 3. HP: 20/23 MP: 3/3
  1476 | D:2      | Reached XP level 4. HP: 27/29 MP: 4/4
  1505 | D:2      | Noticed Natasha
  1525 | D:2      | Killed Natasha
  2049 | D:2      | Reached XP level 5. HP: 33/33 MP: 5/5
  2332 | D:3      | Noticed an ogre
  2337 | D:3      | Mangled by an ogre

Illustrated notes

Levels and vault maps discovered:
D:1:      elethiomel_arrival_maze, layout_basic, columned_hall_lemuel,
          kennysheep_flooded_box, kennysheep_crisscross, minmay_distorted
D:2:      minmay_razor_zed, layout_loops_ring, first_ration, serial_glass,
          glass_columns_b, glass_columns_a, st_stairs_7, uniq_natasha
D:3:      minmay_roachtagon, layout_basic, zin_angel, nemelex_altar_shiori,
          minmay_fountain_box, kennysheep_another_room

Skill      XL: |  1  2  3  4 |
---------------+-------------+-----
Armour         | 4 |  4.2
Shields        | 4 |  4.2
Fighting       | 4 |  4.2
Maces & Flails | 3 |  3.1

Action                   |  1- 3 |  4- 6 || total
-------------------------+-------+-------++-------
Melee: Flail             |   164 |    60 ||   224
       Whip              |       |    94 ||    94
  Eat: Chunk             |     2 |     3 ||     5
Armor: Scale mail        |    54 |       ||    54
       Plate armour      |    77 |    93 ||   170
Dodge: Dodged            |    46 |    22 ||    68
Block: Kite shield       |    90 |    89 ||   179
